 Dungeon Crawl Stone Soup version 0.31-a0-1-g4198be8af4 (webtiles) character file.

Game seed: 13255426011067130780

10483 sircluck the Cleaver (level 11, -19/95 (102) HPs)
             Began as a Minotaur Fighter on May 2, 2023.
             Was a Believer of Ashenzari.
             Demolished by a +3 halberd of chaos (28 damage)
             ... on level 10 of the Dungeon.
             The game lasted 00:19:31 (9583 turns).

sircluck the Cleaver (Minotaur Fighter)             Turns: 9583, Time: 00:19:31

HP:   -19/95 (102)  AC: 17    Str: 26    XL:     11   Next: 36%
MP:   1/10          EV: 10    Int:  5    God:    Ashenzari [**....]
Gold: 1319          SH:  0    Dex:  9    Spells: 9/10 levels left

rFire   . . .        a - +0 war axe (freeze)
rCold   . . .        c - +0 buckler
rNeg    . . .        g - +0 chain mail of the Ruined Sage {Fort, Evo} (curse)
rPois   .            (helmet restricted)
rElec   .            L - +0 cloak {rCorr}
rCorr   +            h - +0 pair of gloves "Chained Together" {Elem, Cun} (curse)
SInv    +            D - +0 pair of boots "Ruined Fortune-Teller" {Comp, Self} (curse)
Will    +....        t - amulet of the Shackled Seer {Regen+, Comp, Self} (curse) Stlth
                     s - ring of willpower
HPRegen 1.15/turn    (no ring)
MPRegen 0.12/turn

%: no passive effects
@: confused, on berserk cooldown, slowed, drained, very slow
A: horns 2, retaliatory headbutt
a: Renounce Religion, Shatter the Chains


You were on level 10 of the Dungeon.
You worshipped Ashenzari.
Ashenzari was pleased with you.
You visited 1 branch of the dungeon, and saw 10 of its levels.
You also visited: Bailey.

You collected 1319 gold pieces.

Inventory:

Hand Weapons
 a - a +0 war axe of freezing (weapon)
 H - the +6 arbalest "Hell-Harrower" {antimagic, Contam +Blink rN+ Stlth+}
   (You found it on level 7 of the Dungeon)

   rN:        It protects you from negative energy.
   +Blink:    It lets you blink.
   Contam:    It causes magical contamination when unequipped.
   Stlth:     It makes you more stealthy.
Missiles
 n - 9 javelins
 u - 65 stones (quivered)
 v - 28 poisoned darts
 E - 4 boomerangs
Armour
 b - a +0 scale mail
 c - a +0 buckler (worn)
 g - the cursed +0 chain mail of the Ruined Sage (worn) {Fort, Evo}
   (You found it on level 1 of the Dungeon)

   It has a curse which improves the following skills: Fortitude: Armour and
   Shields.
   Evocations: Evocations.
 h - the cursed +0 pair of gloves "Chained Together" (worn) {Elem, Cun}
   (You found it on level 1 of the Dungeon)

   It has a curse which improves the following skills: Elements: Fire Magic, Ice
   Magic, Air Magic and Earth Magic.
   Cunning:   Dodging and Stealth.
 D - the cursed +0 pair of boots "Ruined Fortune-Teller" (worn) {Comp, Self}
   (You found it on level 8 of the Dungeon)

   It has a curse which improves the following skills: Companions: Summonings
   and Necromancy.
   Introspection: Fighting and Spellcasting.
 L - a +0 cloak of preservation (worn)
 M - a +1 plate armour of fire resistance
Jewellery
 s - a ring of willpower (left hand)
 t - the cursed amulet of the Shackled Seer (around neck) {Regen+, Comp, Self}
   (You found it on level 2 of the Dungeon)

   [amulet of regeneration]

   Regen:     It increases your rate of health regeneration.
   It has a curse which improves the following skills: Companions: Summonings
   and Necromancy.
   Introspection: Fighting and Spellcasting.
 w - a ring of fire
 C - a ring of willpower
 G - an amulet of guardian spirit
Wands
 A - a wand of flame (17)
 J - a wand of roots (19)
 R - a wand of quicksilver (8)
Scrolls
 e - 8 scrolls of identify
 f - 5 scrolls of enchant weapon
 j - a scroll of magic mapping
 l - 4 scrolls of fear
 p - 5 scrolls of noise
 q - 4 scrolls of immolation
 x - 2 scrolls of vulnerability
 y - a scroll of fog
 B - a scroll of teleportation
Potions
 d - a potion of might
 i - 2 potions of flight
 k - 3 potions of attraction
 o - 2 potions of brilliance
 r - 2 potions of lignification
 z - 10 potions of curing
 F - a potion of resistance
 K - 2 potions of invisibility
 N - a potion of cancellation
 P - a potion of magic
Miscellaneous
 Q - a box of beasts (inert)


   Skills:
 + Level 9.6(11.4) Fighting
 + Level 13.8 Axes
 + Level 1.1 Throwing
 + Level 11.7(12.8) Armour
 + Level 3.8(4.9) Dodging
 + Level 1.2(2.0) Stealth
 + Level 7.3(8.5) Shields
 + Level 0.9 Unarmed Combat
 + Level 1.0(1.6) Evocations


You had 9 spell levels left.
You knew the following spells:

 Your Spells              Type           Power      Damage    Failure   Level
a - Freeze                Ice            0%         1d3       89%         1

Your spell library contained the following spells:

 Spells                   Type           Power      Damage    Failure   Level
 Slow                     Hex            0%         N/A       91%         1
 Ensorcelled Hibernation  Hex/Ice        0%         N/A       97%         2
 Confusing Touch          Hex            0%         N/A       99%         3
 Frozen Ramparts          Ice            0%         1d1       99%         3
 Hailstorm                Conj/Ice       0%         3d3       99%         3
 Spider Form              Tmut/Pois      0%         N/A       99%         3
 Vampiric Draining        Necr           0%         2d6       99%         3
 Anguish                  Hex/Necr       0%         N/A       100%        4


Dungeon Overview and Level Annotations

Branches:
Dungeon (10/15)            Temple (0/1) D:6            Lair (0/5) D:10
    Orc (0/2) D:9          Bailey (visited)

Altars:
Ashenzari
Gozag
Hepliaklqana
Kikubaaqudgha
Makhleb
Nemelex Xobeh
Qazlal
Xom
Yredelemnul

Shops:
D:3 (   D:5 *   D:10 :


Innate Abilities, Weirdness & Mutations

You have a pair of horns on your head.
You reflexively headbutt those who attack you in melee.


Message History

You feel much better.
You feel sick. The +3 halberd of chaos hits you. Space warps around you.
Unknown command.
The +3 halberd of chaos attacks as you move away!
The +3 halberd of chaos hits you. The +3 halberd of chaos freezes you.
You feel sick.
The +3 halberd of chaos hits you from afar!
A red film seems to cover your vision as you go berserk!
You feel yourself moving faster!
You feel mighty!
The +3 halberd of chaos hits you from afar!
You feel drained.
You feel sick. The +3 halberd of chaos hits you.
You feel your power leaking away.
You feel a strong urge to attack something.
You feel sick.
You feel your anger nearly subside.
You feel sick.
You are no longer berserk.
You are exhausted.
You feel yourself slow down.
You feel sick.
You are no longer poisoned.
The +3 halberd of chaos hits you from afar.
* * * LOW HITPOINT WARNING * * *
You feel drained.
* * * LOW HITPOINT WARNING * * *
You bump into the rock wall.
The +3 halberd of chaos hits you from afar!
* * * LOW HITPOINT WARNING * * *
You feel drained.
* * * LOW HITPOINT WARNING * * *
The +3 halberd of chaos barely misses you.
You feel much better.
The +3 halberd of chaos closely misses you.
The +3 halberd of chaos hits you from afar.
The +3 halberd of chaos hits you from afar!
* * * LOW HITPOINT WARNING * * *
The +3 halberd of chaos hits you from afar!
* * * LOW HITPOINT WARNING * * *
The +3 halberd of chaos hits you from afar!!
You die...

#.###.......## #.##.#.##
#. #.>.........#
#.##.#.####.
########...>...###
#.##.#......
.................#
#.##.#######
########......:#.# #.##.#
# #.......#.# #.##.# #
#.......#.#####<##.# #
#####......))))....#######
#####@#####.##.......# #.#
##.##.#######
###########(# #..##.# #.
###...........# #.###.# #.
##(#....######## #.# #.#
#.
#._'...############.###.#
## ##.#H.##
#.......^......# ###..#
#.########.########
####.#### #.# #..........#


You could see a +3 halberd of chaos.

Vanquished Creatures
  The ghost of bmack86 the Cleaver, a journeyman MiFi of Okawaru (D:10)
  Lodul (D:10)
  An orc knight (Bailey)
  Maggie (D:8)
  Psyche (D:7)
  2 kobold demonologists
  3 trolls
  2 wyverns (D:9)
  13 yaks
  Eustachio (D:5)
  3 vampire mosquitoes (D:10)
  Menkaure (D:6)
  A water moccasin (D:8)
  11 orc warriors
  An ice beast (D:8)
  2 sky beasts
  2 black bears (D:5)
  10 ogres
  3 centaurs
  A phantom (D:6)
  4 kobold brigands
  A gnoll sergeant (D:9)
  A scorpion (D:6)
  3 wights (D:7)
  A killer bee (D:9)
  A howler monkey (D:7)
  3 orc priests
  7 hounds
  A jelly (D:6)
  Crazy Yiuf (D:3)
  2 sleepcaps
  Natasha (thrice) (D:2)
  3 iguanas
  10 orc wizards
  6 gnolls
  5 adders
  A shadow imp (D:5)
  2 white imps
  An ufetubus (D:5)
  2 worms
  4 dart slugs
  39 orcs
  3 bats
  3 endoplasms
  5 giant cockroaches
  9 goblins
  15 hobgoblins
  2 jackals
  28 kobolds
  4 quokkas
  6 ball pythons
  6 frilled lizards
  7 rats
250 creatures vanquished.

Vanquished Creatures (others)
  3 fungi (D:6)
3 creatures vanquished.

Grand Total: 253 creatures vanquished

Notes
Turn   | Place    | Note
-------+----------+-------------------------------------------
     0 | D:1      | sircluck the Minotaur Fighter began the quest for the Orb.
     0 | D:1      | Reached XP level 1. HP: 19/19 MP: 0/0
   251 | D:1      | Reached XP level 2. HP: 27/27 MP: 1/1
   285 | D:1      | Reached skill level 3 in Axes
   346 | D:1      | Reached XP level 3. HP: 28/33 MP: 2/2
  1202 | D:2      | Noticed Natasha
  1206 | D:2      | Killed Natasha
  1207 | D:2      | Reached skill level 4 in Axes
  1207 | D:2      | Reached XP level 4. HP: 38/41 MP: 3/3
  1258 | D:2      | Noticed Natasha
  1268 | D:2      | Killed Natasha
  1378 | D:2      | Noticed Natasha
  1432 | D:2      | Killed Natasha
  1463 | D:2      | Reached XP level 5. HP: 42/47 MP: 4/4
  2178 | D:3      | Found Zom Lynecs's Antique Weapon Shoppe.
  2260 | D:3      | You fall into a shaft and drop 1 floor!
  2473 | D:4      | Found a hazy altar of Hepliaklqana.
  2490 | D:4      | Found a sparkling altar of Nemelex Xobeh.
  2579 | D:4      | Noticed a sky beast
  2593 | D:4      | Killed a sky beast
  2594 | D:4      | Reached skill level 5 in Axes
  2594 | D:4      | Reached skill level 5 in Armour
  2594 | D:4      | Reached skill level 1 in Dodging
  2594 | D:4      | Reached XP level 6. HP: 46/55 MP: 5/5
  2691 | D:4      | Reached skill level 5 in Fighting
  2691 | D:4      | Reached skill level 6 in Axes
  2770 | D:4      | Found a broken altar of Ashenzari.
  2941 | D:4      | Became a worshipper of Ashenzari the Shackled
  3195 | D:5      | Entered Level 5 of the Dungeon
  3442 | D:3      | Found a runed translucent door.
  3443 | D:3      | Noticed Crazy Yiuf
  3681 | D:3      | Killed Crazy Yiuf
  3832 | D:5      | Reached skill level 1 in Throwing
  3832 | D:5      | Reached XP level 7. HP: 56/61 MP: 6/6
  3909 | D:5      | Found Cawur's General Store.
  4042 | D:5      | Noticed Eustachio
  4058 | D:5      | Killed Eustachio
  4059 | D:5      | Reached skill level 7 in Axes
  4724 | D:6      | Reached * piety under Ashenzari
  4838 | D:6      | Noticed a kobold demonologist
  4856 | D:6      | Noticed a rust devil
  4856 | D:6      | Killed a kobold demonologist
  4857 | D:6      | Reached skill level 8 in Axes
  4857 | D:6      | Reached skill level 1 in Stealth
  4857 | D:6      | Reached XP level 8. HP: 60/71 MP: 7/7
  4881 | D:6      | Found a burning altar of Makhleb.
  4910 | D:6      | Found a staircase to the Ecumenical Temple.
  4936 | D:6      | Reached skill level 9 in Axes
  5075 | D:6      | Reached skill level 5 in Shields
  5179 | D:6      | Noticed Menkaure
  5184 | D:6      | Killed Menkaure
  5241 | D:6      | Reached skill level 10 in Axes
  5349 | D:6      | Reached XP level 9. HP: 79/79 MP: 8/8
  5524 | D:7      | Identified the +6 arbalest "Hell-Harrower" {antimagic,
                  | Contam +Blink rN+ Stlth+}
  5543 | D:6      | Learned a level 1 spell: Freeze
  5543 | D:6      | Reached ** piety under Ashenzari
  5866 | D:7      | Found a basalt altar of Yredelemnul.
  6077 | D:8      | Noticed Psyche
  6095 | D:7      | Killed Psyche
  6096 | D:7      | Reached skill level 11 in Axes
  6124 | D:7      | Identified the cursed +0 cloak of the Tethered Seer {Bglg,
                  | Self} (You took it off Crazy Yiuf on level 3 of the
                  | Dungeon)
  6124 | D:7      | Identified the cursed +0 pair of gloves "Chained Together"
                  | {Elem, Cun} (You found it on level 1 of the Dungeon)
  6124 | D:7      | Identified the cursed +0 chain mail of the Ruined Sage
                  | {Fort, Evo} (You found it on level 1 of the Dungeon)
  6163 | D:8      | Noticed a kobold demonologist
  6169 | D:8      | Noticed an orange demon
  6172 | D:8      | Killed a kobold demonologist
  6173 | D:8      | Found an opulent altar of Gozag.
  6234 | D:8      | Found a stormy altar of Qazlal.
  6316 | D:8      | Found a flagged portal.
  6327 | Bailey   | Entered a bailey
  6665 | Bailey   | Noticed an orc knight
  6684 | Bailey   | Killed an orc knight
  6685 | Bailey   | Reached skill level 12 in Axes
  6685 | Bailey   | Reached XP level 10. HP: 22/91 MP: 9/9
  6990 | D:8      | Noticed Maggie
  7001 | D:8      | Killed Maggie
  7356 | D:9      | Found a staircase to the Orcish Mines.
  7368 | D:9      | Reached skill level 10 in Armour
  8302 | D:10     | Entered Level 10 of the Dungeon
  8332 | D:10     | Found a staircase to the Lair.
  8378 | D:10     | Reached skill level 13 in Axes
  8454 | D:10     | Found Ciol's Book Shop.
  8598 | D:10     | Noticed Lodul
  8626 | D:10     | Reached XP level 11. HP: 94/101 MP: 10/10
  8635 | D:10     | Killed Lodul
  8811 | D:10     | Found a runed translucent door.
  8812 | D:10     | Found a shimmering altar of Xom.
  8812 | D:10     | Noticed bmack86's ghost (journeyman MiFi)
  8812 | D:10     | Noticed a +3 halberd of chaos
  8884 | D:10     | Found an ancient bone altar of Kikubaaqudgha.
  9508 | D:10     | Killed bmack86's ghost
  9509 | D:10     | Reached skill level 1 in Evocations
  9583 | D:10     | Demolished by a +3 halberd of chaos

Illustrated notes

Levels and vault maps discovered:
D:1:      saegor_arrival_simple_d, layout_basic, minmay_misc_feat_tiny,
          st_stairs_1, minmay_pentomino_r4
D:2:      layout_basic, chequers_serial_rivers_micro_d,
          hangedman_abyss_or_decor_lesser_grid, kennysheep_generic_room_4,
          uniq_natasha
D:3:      kennysheep_big_flooded_room, layout_loops_corners, serial_shops,
          nicolae_shop_pleasant_corner_grove, corexii_hall_statues_t,
          hangedman_abyss_or_decor_stabs, chequers_serial_rivers_small_b,
          uniq_crazy_yiuf_cottage
D:4:      cheibrodos_thug_alley, layout_gridville,
          mainiacjoe_overflow_concentric_impassable, jmf_multi_god_temple
D:5:      layout_basic, serial_shops, nicolae_shop_window_shopping,
          uniq_eustachio
D:6:      layout_gridville, makhleb_heckhound_becter,
          minmay_temple_entry_slanted, dreamdust_gnoll_farm, uniq_menkaure
D:7:      layout_rooms, lemuel_round_altar
D:8:      layout_basic, nicolae_gozag_seed_capital,
          nicolae_qazlal_general_emergency, enter_bailey_3, uniq_psyche,
          uniq_maggie
D:9:      layout_roguey, minmay_orc_entry_temple_small,
          kennysheep_generic_room_14
D:10:     layout_loops_ring, kiku_gazebo_pond_becter, dpeg_oklobed_lair,
          ebering_ghost_xom, serial_shops, nicolae_shop_pleasant_corner_grove,
          minmay_misc_feat_rugged, billiards_dpeg, uniq_lodul

Skill      XL: |  1  2  3  4  5  6  7  8  9 10 11 |
---------------+----------------------------------+-----
Fighting       | 4 5 6 8 9 |  9.6
Axes           | 3 4 5 6 8 10 12 13 | 13.8
Shields        | 4 5 6 7 |  7.3
Armour         | 4 5 6 7 8 11 | 11.7
Dodging        | 1 2 3 |  3.8
Throwing       | 1 |  1.1
Stealth        | 1 |  1.2
Evocations     | 1 |  1.0
Unarmed Combat | |  0.9

Action                     |  1- 3 |  4- 6 |  7- 9 | 10-12 || total
---------------------------+-------+-------+-------+-------++-------
  Melee: War axe           |    68 |   133 |   245 |   203 ||   649
         Headbutt          |     8 |    14 |    30 |    46 ||    98
         Unarmed           |       |     3 |     8 |       ||    11
  Throw: Stone             |     3 |    14 |     1 |       ||    18
 Invoke: Curse Item        |       |       |     4 |     1 ||     5
         Shatter the Chain |       |       |     1 |       ||     1
  Evoke: Wand              |       |       |     3 |     5 ||     8
         Box of beasts     |       |       |       |     1 ||     1
    Use: Scroll            |       |     4 |       |     3 ||     7
         Potion            |       |     4 |       |     4 ||     8
 Armour: Scale mail        |     3 |       |       |       ||     3
         Chain mail        |    33 |    78 |   126 |    95 ||   332
  Dodge: Dodged            |    28 |    74 |   123 |    92 ||   317
  Block: Buckler           |    21 |    36 |    59 |    41 ||   157

Table legend: (Time is in decaauts)
 A = Elapsed time spent in this place.
 B = Non-inter-level travel time spent in this place.
 C = Inter-level travel time spent in this place.
 D = Time resting spent in this place.
 E = Time spent auto-exploring this place.
 F = Levels seen in this place.
 G = Mean time per level.
                   A        B        C        D        E       F      G
               +--------+--------+--------+--------+--------+-----+--------+
         Total |   9704 |   9097 |    607 |    759 |   6273 |  11 |  882.2 |
       Dungeon |   9247 |   8640 |    607 |    759 |   6141 |  10 |  924.7 |
        Bailey |    457 |    457 |      0 |      0 |    132 |   1 |  457.0 |
               +--------+--------+--------+--------+--------+-----+--------+

Top non-repeatable levels by time:
     D:9: 1276 daAuts
     D:3: 1118 daAuts
    D:10: 1116 daAuts
     D:4: 981 daAuts
     D:2: 967 daAuts
     D:6: 893 daAuts
     D:5: 849 daAuts
     D:1: 838 daAuts
     D:8: 611 daAuts
     D:7: 593 daAuts
  Bailey: 457 daAuts
